 Seeded DCSS version 0.30.1-3-gfc49f6343a (webtiles) character file.

Game seed: 20230804 (custom seed)

98 AccursedSamuel the Shield-Bearer (level 4, -3/44 HPs)
             Began as a Troll Fighter on Aug 9, 2023.
             Was an Initiate of the Shining One.
             Engulfed by a steam dragon's steam (14 damage)
             ... on level 6 of the Dungeon.
             The game lasted 00:04:06 (1037 turns).

AccursedSamuel the Shield-Bearer (Troll Fighter)    Turns: 1037, Time: 00:04:06

Health: -3/44      AC:  4    Str: 26    XL:     4   Next: 43%
Magic:  3/3        EV:  9    Int:  4    God:    the Shining One [......]
Gold:   51         SH:  8    Dex:  9    Spells: 3/3 levels left

rFire   . . .        k - +0 flail (holy)
rCold   . . .        b - +0 kite shield
rNeg    . . .        a - +0 robe
rPois   .            (helmet restricted)
rElec   .            (no cloak)
rCorr   .            (gloves unavailable)
SInv    .            (boots unavailable)
Will    .....        (no amulet)
Stlth   +            (no ring)
HPRegen 1.07/turn    (no ring)
MPRegen 0.08/turn

%: no passive effects
@: glowing
A: large, unfitting armour, claws 3, regeneration 1, shaggy fur 1, tough skin 1
a: Renounce Religion


You were on level 6 of the Dungeon.
You worshipped the Shining One.
The Shining One was noncommittal.
You visited 2 branches of the dungeon, and saw 7 of its levels.

You collected 51 gold pieces.

Inventory:

Hand Weapons
 j - the +1 war axe of Kemuffou {freeze, Int+3}
   (You found it on level 4 of the Dungeon)

   Int:       It affects your intelligence (+3).
 k - a +0 flail of holy wrath (weapon)
Armour
 a - a +0 robe (worn)
 b - a +0 kite shield (worn)
 g - a +0 scale mail
Scrolls
 d - a scroll of teleportation {unknown}
 f - 2 scrolls of identify {unknown}
 i - a scroll of enchant weapon {unknown}
Potions
 c - a potion of might
 e - a potion of cancellation {unknown}
 h - a potion of attraction {unknown}


   Skills:
 + Level 2.7 Fighting
 + Level 0.5 Axes
 + Level 3.1 Dodging
 + Level 3.5 Shields
 + Level 2.4 Unarmed Combat


You had 3 spell levels left.
You didn't know any spells.
Your spell library contained the following spells:

 Spells                   Type           Power      Damage    Failure   Level
 Apportation              Tloc           0%         N/A       75%         1
 Summon Forest            Summ/Tloc      0%         N/A       100%        5
 Dispersal                Tloc           0%         N/A       100%        6


Dungeon Overview and Level Annotations

Branches:
Dungeon (6/15)             Temple (1/1) D:5

Altars:
Dithmenos
Elyvilon
Hepliaklqana
Kikubaaqudgha
Okawaru
Qazlal
Sif Muna
Uskayaw
Yredelemnul
The Shining One


Innate Abilities, Weirdness & Mutations

You are too large for most types of armour.
You have claws for hands.
Your natural rate of healing is unusually fast.
You are covered in fur. (AC +1)
You have tough skin. (AC +1)


Message History

There is a staircase back to the Dungeon here.
You climb upwards.
Welcome back to the Dungeon!
There is a staircase to the Ecumenical Temple here.
You see here a +0 flail.
You enter the shallow water.
Found 6 gold pieces.
Found a stone staircase leading down.
You see here a +0 flail of holy wrath.
k - a +0 flail of holy wrath The +1 war axe of Kemuffou {freeze, Int+3} stops glowing.
Your +0 flail of holy wrath softly glows with a divine radiance!
k - a +0 flail of holy wrath (weapon)
There is a stone staircase leading down here.
You climb downwards.
There is a stone staircase leading up here.
Found a robe.
A steam dragon comes into view.
Found 8 gold pieces.
The steam dragon breathes steam at you. The ball of steam hits you!
You hear a shout!
You sock the steam dragon!
The steam dragon is heavily wounded.
You are engulfed in a cloud of scalding steam.
The steam dragon bites you. The steam dragon completely misses you.
You hit the steam dragon.
The steam dragon is heavily wounded.
You block the steam dragon's attack.
The steam dragon claws you but does no damage.
You sock the steam dragon!
The steam dragon is almost dead.
You block the steam dragon's attack. The steam dragon claws you.
An ogre comes into view. It is wielding a +0 giant club.
The steam dragon breathes steam at you. The ball of steam hits you!
* * * LOW HITPOINT WARNING * * *
You closely miss the steam dragon.
The steam dragon is almost dead.
You are engulfed in a cloud of scalding steam.
You die...

.. #.## #..#
..## # #..#
..#### #..#
.....[##.D####.#
#......@....#
###....###....#
###..# $..#
#<.## ### #.##
#.# O## .. ##.


You could see a steam dragon (catching breath) and an ogre.

Vanquished Creatures
  2 iguanas
  2 adders (D:4)
  A worm (D:3)
  3 orcs
  A giant cockroach (D:3)
  2 goblins
  A hobgoblin (D:2)
  2 jackals (D:4)
  3 quokkas
  A ball python (D:4)
  4 bats
  2 kobolds (D:4)
24 creatures vanquished.

Notes
Turn   | Place    | Note
-------+----------+-------------------------------------------
     0 | D:1      | AccursedSamuel the Troll Fighter began the quest for the
                  | Orb.
     0 | D:1      | Reached XP level 1. HP: 22/22 MP: 0/0
    45 | D:1      | Found a faded altar of an unknown god.
   307 | D:2      | Reached XP level 2. HP: 29/29 MP: 1/1
   371 | D:3      | Got the Almanac of Location
   548 | D:4      | Reached XP level 3. HP: 22/36 MP: 2/2
   604 | D:4      | Identified the +1 war axe of Kemuffou {freeze, Int+3}
   722 | D:4      | Reached XP level 4. HP: 11/44 MP: 3/3
   738 | D:5      | Entered Level 5 of the Dungeon
   750 | D:5      | Found a staircase to the Ecumenical Temple.
   796 | Temple   | Entered the Ecumenical Temple
   979 | Temple   | Became a worshipper of the Shining One
  1030 | D:6      | Noticed a steam dragon
  1036 | D:6      | Noticed an ogre
  1037 | D:6      | Engulfed by a steam dragon's steam

Illustrated notes

Levels and vault maps discovered:
D:1:      roderic_octagonal_star, layout_basic,
          hellmonk_ecumenical_altar_run_dry, minmay_box_of_dots
D:2:      layout_loops_ring
D:3:      layout_basic, serial_aquarium, aquarium_bridge_long_separate
          [aquarium_subvault_wall, aquarium_subvault_wall,
          aquarium_subvault_bridge, aquarium_subvault_wall,
          aquarium_subvault_bridge, aquarium_subvault_bridge],
          aquarium_window_1, aquarium_window_fake, aquarium_view_2d,
          aquarium_view_4, aquarium_pool_1
D:4:      layout_basic, gammafunk_temple_overflow_forgotten,
          portal_sewer_entry_b
D:5:      layout_rooms, mainiacjoe_overflow_two_lobes, temple_pool_b,
          serial_shops, nicolae_shop_window_shopping, ebering_ghost_inner_flame
D:6:      layout_layer_cave, grunt_temple_overflow_order_and_chaos_1,
          lightli_temple_of_fire, serial_shops, nicolae_shop_behind_doors
Temple:   compressed_dpeg_circular_temple

Skill      XL: |  1  2  3 |
---------------+----------+-----
Shields        | 3 |  3.5
Dodging        | 3 |  3.1
Fighting       | |  2.7
Axes           | |  0.5
Unarmed Combat | |  2.4

Action                     |  1- 3 |  4- 6 || total
---------------------------+-------+-------++-------
  Melee: Unarmed           |    56 |       ||    56
         War axe           |    27 |    17 ||    44
         Flail             |       |     4 ||     4
 Armour: Robe              |    87 |     6 ||    93
  Dodge: Dodged            |    91 |    14 ||   105
  Block: Kite shield       |    97 |    10 ||   107
